 Dungeon Crawl Stone Soup version 0.22-a0-570-g58866f5 (webtiles) character file.

697 iamserjio the Chopper (level 7, -7/44 HPs)
             Began as a Gargoyle Fighter on June 30, 2018.
             Was a Follower of Trog.
             Mangled by an ogre
             ... wielding a cursed +0 giant club
              (8 damage)
             ... on level 5 of the Dungeon.
             The game lasted 00:11:01 (1694 turns).

iamserjio the Chopper (Gargoyle Fighter)            Turns: 1694, Time: 00:11:02

Health: -7/44      AC: 15    Str: 20    XL:     7   Next: 65%
Magic:  7/7        EV:  5    Int: 14    God:    Trog [*.....]
Gold:   163        SH: 10    Dex: 10    Spells: 6/6 levels left

rFire    . . .     SeeInvis .   a - +0 war axe
rCold    + . .     Gourm    .   c - +0 shield
rNeg     + . .     Faith    .   r - +2 chain mail {rC+}
rPois    ∞         Spirit   .   (no helmet)
rElec    +         Reflect  .   (no cloak)
rCorr    .         Harm     .   (no gloves)
MR       .....                  (no boots)
Stlth    ..........             (no amulet)
HPRegen  0.14/turn              (no ring)
MPRegen  0.10/turn              (no ring)

@: brilliant
A: negative energy resistance 1, electricity resistance, unbreathing,
petrification resistance, rot immunity, AC +4
a: Berserk, Renounce Religion


You were on level 5 of the Dungeon.
You worshipped Trog.
Trog was aware of your devotion.
You were not hungry.

You visited 2 branches of the dungeon, and saw 7 of its levels.
You also visited: Sewer.

You collected 163 gold pieces.

Inventory:

Hand Weapons
 a - a +0 war axe (weapon)
 e - a +1 whip of venom
 j - a cursed -2 hunting sling
 q - a +1 mace of protection
Missiles
 k - 10 stones (quivered)
 l - 25 sling bullets
Armour
 b - a +0 scale mail
 c - a +0 shield (worn)
 g - a +0 plate armour
 r - a +2 chain mail of cold resistance (worn)
Jewellery
 s - a +4 ring of dexterity {unknown}
Wands
 w - a wand of polymorph (13)
Scrolls
 i - a scroll of teleportation
 m - 3 scrolls of identify {@r1}
 n - 2 scrolls of blinking
 o - a scroll of fog
 u - 2 scrolls of random uselessness
 v - a scroll of amnesia {unknown}
Potions
 d - a potion of curing {@q1}
 h - a potion of might
 p - a potion of brilliance
 t - a potion of lignification {unknown}
Comestibles
 f - 6 rations


   Skills:
 + Level 5.5 Fighting
 * Level 5.5 Axes
 - Level 3.2 Armour
 + Level 5.5 Shields


You had 6 spell levels left.
You didn't know any spells.
Your spell library was empty.

Dungeon Overview and Level Annotations

Branches:
Dungeon (6/15)             Temple (1/1) D:4

Altars:
Ashenzari
Cheibriados
Dithmenos
Elyvilon
Fedhas
Gozag
Hepliaklqana
Kikubaaqudgha
Makhleb
Nemelex Xobeh
Okawaru
Qazlal
Ru
Sif Muna
Trog
Uskayaw
Vehumet
Wu Jian
Xom
Yredelemnul
Zin
The Shining One


Innate Abilities, Weirdness & Mutations

You are resistant to torment.
Your stone body is resilient. (AC +4)
You are immune to poison.
You resist negative energy. (rN+)
You are resistant to electric shocks. (rElec)
You can survive without breathing.
You are immune to petrification.
You are immune to rotting.


Message History

* * * LOW HITPOINT WARNING * * *
Evoke which item? (* to show all) (? for menu, Esc to quit)
Okay, then.
Okay, then.
You feel better. The ogre hits you with a giant club!!
* * * LOW HITPOINT WARNING * * *
It was a potion of brilliance.
You feel clever all of a sudden. You block the ogre's attack.
You slash the ogre!
The ogre is almost dead.
The ogre hits you with a giant club.
* * * LOW HITPOINT WARNING * * *
You barely miss the ogre.
The ogre is almost dead.
The ogre hits you but does no damage.
You closely miss the ogre.
The ogre is almost dead.
The ogre hits you with a giant club!
You die...

##### #...#
######.#.#######
#####......#.......#####
................@O......
#####.#............#####
#.#....######### ###
#.#...##_## ..
..#.###...##
.######.##.....#
.#<...#.##.....# ###
........+#..(..# .. #.#
%####.#.###...## #.##
#.#


You could see an ogre.

Vanquished Creatures
  3 big kobolds (Sewer)
  2 hounds (D:6)
  2 orc priests
  2 orc wizards
  An iguana (D:5)
  Natasha (D:2)
  2 worker ants (D:4)
  2 hound skeletons
  5 adders (Sewer)
  3 gnolls (D:5)
  2 river rats (Sewer)
  A shadow imp (D:6)
  An ooze (Sewer)
  An adder skeleton (D:4)
  A worm (D:5)
  4 leopard geckos (D:3)
  17 orcs
  3 giant cockroaches (D:3)
  A goblin (D:3)
  5 hobgoblins
  3 jackals (D:1)
  2 ball pythons
  6 bats
  3 frilled lizards
  A jackal skeleton (D:4)
  6 kobolds
  A leopard gecko zombie (D:6)
  A quokka zombie (D:5)
  8 rats
90 creatures vanquished.

Notes
Turn   | Place    | Note
-------+----------+-------------------------------------------
     0 | D:1      | iamserjio the Gargoyle Fighter began the quest for the Orb.
     0 | D:1      | Reached XP level 1. HP: 14/14 MP: 1/1
    32 | D:1      | Reached XP level 2. HP: 4/19 MP: 2/2
   219 | D:2      | Noticed Natasha
   232 | D:2      | Killed Natasha
   232 | D:2      | Reached XP level 3. HP: 8/24 MP: 3/3
   332 | D:3      | Found a glowing drain.
   362 | D:3      | Reached XP level 4. HP: 10/29 MP: 4/4
   364 | Sewer    | Entered a sewer
   472 | Sewer    | Noticed a big kobold
   485 | Sewer    | Killed a big kobold
   485 | Sewer    | Reached XP level 5. HP: 8/33 MP: 5/5
   599 | Sewer    | Noticed a big kobold
   600 | Sewer    | Noticed a big kobold
   636 | Sewer    | Killed a big kobold
   636 | Sewer    | Reached XP level 6. HP: 17/39 MP: 6/6
   957 | D:4      | Reached skill level 5 in Fighting
   957 | D:4      | Reached skill level 5 in Shields
   957 | D:4      | Reached XP level 7. HP: 28/44 MP: 7/7
   994 | D:4      | Found a staircase to the Ecumenical Temple.
  1013 | Temple   | Entered the Ecumenical Temple
  1098 | Temple   | Became a worshipper of Trog the Wrathful
  1163 | D:4      | Found a shimmering altar of Xom.
  1164 | D:4      | Found a shimmering altar of Xom.
  1164 | D:4      | Found a shimmering altar of Xom.
  1165 | D:4      | Found a shimmering altar of Xom.
  1166 | D:4      | Found a shimmering altar of Xom.
  1166 | D:4      | Found a shimmering altar of Xom.
  1166 | D:4      | Found a shimmering altar of Xom.
  1167 | D:4      | Found a shimmering altar of Xom.
  1168 | D:4      | Found a shimmering altar of Xom.
  1264 | D:2      | Found an opulent altar of Gozag.
  1352 | D:5      | Entered Level 5 of the Dungeon
  1382 | D:5      | Reached skill level 5 in Axes
  1566 | D:4      | Reached * piety under Trog
  1633 | D:5      | Found a sparkling altar of Nemelex Xobeh.
  1690 | D:5      | HP: 1/44 [ogre/giant club (19)]
  1694 | D:5      | Mangled by an ogre

Vault maps used:
D:1:      lightli_arrival_flooded_house, minivault_25, serial_bayou_lagoon_a
D:2:      first_ration, chequers_ecumenical_altar_island,
          nicolae_gozag_seed_capital, uniq_natasha
D:3:      gup_sewer_entry_pipe, hangedman_decor_peaks_small
D:4:      minmay_temple_entry_statues_fountains, xom_redecorated
D:5:      marbit_many_paths, minmay_misc_feat_enclosed
D:6:      serial_shops, nicolae_shop_temple_entry_statues_fountains, uniq_pikel,
          uniq_duvessa
Temple:   compressed_dpeg_triangle_lava_temple
Sewer:    sewer_co_15_rooms

Skill      XL: |  1  2  3  4  5  6  7 |
---------------+----------------------+-----
Axes           | 2 3 4 5 |  5.5
Shields        | 4 5 |  5.5
Fighting       | 4 5 |  5.5
Armour         | |  3.2

Action                   |  1- 3 |  4- 6 |  7- 9 || total
-------------------------+-------+-------+-------++-------
Melee: War axe           |    94 |   208 |   113 ||   415
  Use: Potion            |     1 |     3 |     2 ||     6
       Scroll            |       |       |     6 ||     6
  Eat: Chunk             |       |     1 |     3 ||     4
Armor: Scale mail        |    27 |       |       ||    27
       Plate armour      |    71 |   121 |       ||   192
       Chain mail        |       |     3 |    87 ||    90
Dodge: Dodged            |    19 |    30 |    38 ||    87
Block: Shield            |    80 |   130 |    73 ||   283

Table legend:
 A = Spawn XP
 B = Non-spawn XP
 C = Spawn XP percentage of total XP
 D = Spawn monster count
 E = Non-spawn monster count
 F = Spawn count percentage of total count
 G = Total turns spent on level
                    A         B        C        D         E        F      G
               +---------+---------+-------+---------+---------+-------+---------
         Total |       0 |     996 |   0.0 |       0 |      90 |   0.0 |  1694
               +---------+---------+-------+---------+---------+-------+---------
           D:1 |       0 |      21 |   0.0 |       0 |      13 |   0.0 |   136
           D:2 |       0 |      42 |   0.0 |       0 |       6 |   0.0 |   155
           D:3 |       0 |      80 |   0.0 |       0 |      20 |   0.0 |   411
           D:4 |       0 |     161 |   0.0 |       0 |      16 |   0.0 |   249
           D:5 |       0 |      96 |   0.0 |       0 |      10 |   0.0 |   211
           D:6 |       0 |     195 |   0.0 |       0 |       8 |   0.0 |    85
         Sewer |       0 |     401 |   0.0 |       0 |      17 |   0.0 |   352
               +---------+---------+-------+---------+---------+-------+---------
